 Dungeon Crawl Stone Soup version 0.31.0-32-g396128a36d (webtiles) character file.

Game seed: 9261420538109144236

688 Curundu the Chopper (level 7, -6/94 HPs)
             Began as a Minotaur Berserker on Mar 13, 2024.
             Was a Believer of Trog.
             Mangled by Pikel
             ... wielding a +1 whip of electrocution
              (20 damage)
             ... on level 4 of the Dungeon.
             The game lasted 00:08:15 (3685 turns).

Curundu the Chopper (Minotaur Berserker)            Turns: 3685, Time: 00:08:18

Health: -6/94      AC: 13    Str: 23    XL:     7   Next: 36%
Magic:  6/6        EV:  7    Int:  4    God:    Trog [**....]
Gold:   281        SH:  0    Dex: 10    Spells: 6/6 levels left

rFire   . . .        a - +0 hand axe
rCold   . . .        (no shield)
rNeg    . . .        n - +0 plate armour
rPois   .            r - +1 hat {Stlth+}
rElec   .            (no cloak)
rCorr   .            (no gloves)
SInv    .            f - +0 pair of boots
Will    .....        (no amulet) Stlth
                     (no ring)
HPRegen 0.35/turn    (no ring)
MPRegen 0.10/turn

%: no passive effects
@: berserking, very quick
A: horns 2, retaliatory headbutt
a: Renounce Religion, Berserk, Trog's Hand


You were on level 4 of the Dungeon.
You worshipped Trog.
Trog was pleased with you.
You visited 1 branch of the dungeon, and saw 4 of its levels.

You collected 281 gold pieces.

Inventory:

Hand Weapons
 a - a +0 hand axe (weapon)
Missiles
 e - 2 silver javelins (quivered)
Armour
 f - a +0 pair of boots (worn)
 n - a +0 plate armour (worn)
 r - a +1 hat of stealth (worn)
Wands
 l - a wand of flame (1)
Scrolls
 g - a scroll of enchant armour {unknown}
 h - 2 scrolls of immolation {unknown}
 k - a scroll of vulnerability {unknown}
 o - a scroll of teleportation {unknown}
 s - a scroll of fear {unknown}
 t - a scroll of summoning {unknown}
Potions
 b - a potion of mutation
 c - a potion of enlightenment
 d - a potion of magic {unknown}
 i - 2 potions of might
 j - 2 potions of lignification {unknown}
 m - a potion of ambrosia
 p - a potion of cancellation {unknown}
 q - a potion of curing


   Skills:
 + Level 6.0 Fighting
 + Level 7.8 Axes
 + Level 3.4 Armour
 + Level 4.0 Dodging
 + Level 1.0 Stealth


You had 6 spell levels left.
You didn't know any spells.
Your spell library was empty.

Dungeon Overview and Level Annotations

Branches:
Dungeon (4/15)
 Temple: D:4-7

Altars:
Ashenzari
Dithmenos
Hepliaklqana
Kikubaaqudgha
Nemelex Xobeh
Xom
The Shining One

Annotations:
D:4 Pikel


Innate Abilities, Weirdness & Mutations

You have a pair of horns on your head.
You reflexively headbutt those who attack you in melee.


Message History

You closely miss Pikel. You hit the lemure. You closely miss the lemure.
The lemure hits you! The lemure closely misses you.
You closely miss Pikel. You closely miss the lemure. You hit the lemure.
Pikel hits you with a +1 whip of electrocution.
The lemure closely misses you. The lemure hits you but does no damage.
You hit Pikel but do no damage. Your headbutt misses Pikel.
You hit the lemure but do no damage. You hit the lemure.
Pikel zaps a wand.
The bolt of light hits you. The lemure hits you. The lemure closely misses you.
You furiously retaliate!
You headbutt the lemure! You hit Pikel but do no damage.
You closely miss the lemure. You completely miss the lemure.
Pikel hits you with a +1 whip of electrocution!
You are electrocuted!
* * * LOW HITPOINT WARNING * * *
The lemure hits you.
* * * LOW HITPOINT WARNING * * *
A red film seems to cover your vision as you go berserk!
You feel yourself moving faster!
You feel mighty! The lemure hits you but does no damage.
A lemure comes into view.
Pikel zaps a wand.
The bolt of light misses you. The lemure hits you.
* * * LOW HITPOINT WARNING * * *
You barely miss Pikel. You barely miss the lemure. x2
The lemure hits you but does no damage.
Pikel hits you with a +1 whip of electrocution.
* * * LOW HITPOINT WARNING * * *
You hit Pikel.
Pikel is lightly wounded.
You miss the lemure. You hit the lemure. You closely miss the lemure.
The lemure hits you.
* * * LOW HITPOINT WARNING * * *
You slash Pikel!
Pikel is moderately wounded.
You hit the lemure. x2; You barely miss the lemure.
The lemure hits you but does no damage.
Pikel hits you with a +1 whip of electrocution.
* * * LOW HITPOINT WARNING * * *
You are electrocuted!!
You die...
Pikel says, "See you in Hell!"

#....#...#
######...###
##...##.....#
......#...#.#
#.......#
#.K.....#
#....###...#
#.##. #K55#
#.#...##5@5#
..._......#
##...#.####
##. #. # ..
###


You could see Pikel and 4 lemures.

Vanquished Creatures
  A steam dragon (D:4)
  An ogre (D:4)
  2 scorpions (D:4)
  A bombardier beetle (D:3)
  2 sleepcaps (D:4)
  A hound (D:4)
  Ijyb (D:4)
  An iguana (D:4)
  Robin (D:3)
  10 adders
  A ribbon worm (D:2)
  2 dart slugs (D:1)
  4 orcs
  3 ball pythons
  7 endoplasms
  5 giant cockroaches
  11 hobgoblins
  4 jackals (D:3)
  7 kobolds
  2 quokkas
  2 bats (D:2)
  2 frilled lizards (D:1)
  10 goblins
  8 rats
89 creatures vanquished.

Vanquished Creatures (others)
  A butterfly (D:4)
1 creature vanquished.

Grand Total: 90 creatures vanquished

Notes
Turn   | Place    | Note
-------+----------+-------------------------------------------
     0 | D:1      | Curundu the Minotaur Berserker began the quest for the Orb.
     0 | D:1      | Reached XP level 1. HP: 19/19 MP: 0/0
   193 | D:1      | Reached skill level 4 in Axes
   193 | D:1      | Reached XP level 2. HP: 27/27 MP: 1/1
   978 | D:2      | Reached XP level 3. HP: 33/33 MP: 2/2
  1038 | D:2      | Reached ** piety under Trog
  1360 | D:2      | Reached XP level 4. HP: 12/41 MP: 3/3
  1476 | D:2      | Reached skill level 5 in Axes
  1981 | D:3      | Noticed Robin
  2001 | D:3      | Killed Robin
  2205 | D:3      | Found a shadowy altar of Dithmenos.
  2328 | D:3      | Reached XP level 5. HP: 47/47 MP: 4/4
  2406 | D:3      | Found a hazy altar of Hepliaklqana.
  2446 | D:3      | Found a broken altar of Ashenzari.
  2536 | D:3      | Found a glowing golden altar of the Shining One.
  2925 | D:4      | Reached skill level 5 in Fighting
  2990 | D:4      | Reached skill level 6 in Axes
  2997 | D:4      | Reached XP level 6. HP: 56/56 MP: 5/5
  3059 | D:4      | Noticed Ijyb
  3071 | D:4      | Killed Ijyb
  3138 | D:4      | Found an ancient bone altar of Kikubaaqudgha.
  3270 | D:4      | Reached skill level 7 in Axes
  3434 | D:4      | Noticed a steam dragon
  3441 | D:4      | Reached XP level 7. HP: 60/62 MP: 6/6
  3444 | D:4      | Killed a steam dragon
  3445 | D:4      | Reached skill level 1 in Stealth
  3549 | D:4      | Found a shimmering altar of Xom.
  3667 | D:4      | Noticed Pikel
  3675 | D:4      | Found a sparkling altar of Nemelex Xobeh.
  3685 | D:4      | Mangled by Pikel

Illustrated notes

Levels and vault maps discovered:
D:1:      mushboom_english_gardens, layout_loops_ring,
          nicolae_houndstooth_variations
D:2:      layout_loops_ring
D:3:      layout_loops_corners, amcnicky_altar_gilded,
          mainiacjoe_overflow_small_starburst, old_standard_altar,
          tso_oasis_becter, uniq_robin
D:4:      layout_gridville, nicolae_overflow_crystal_walls, old_standard_altar,
          xom_butterflies, abandoned_shop, hellmonk_no_cap, uniq_pikel,
          uniq_ijyb

Skill      XL: |  1  2  3  4  5  6  7 |
---------------+----------------------+-----
Axes           | 4 5 6 7 |  7.8
Fighting       | 4 5 6 |  6.0
Dodging        | 3 4 |  4.0
Armour         | 3 |  3.4
Stealth        | 1 |  1.0

Action                     |  1- 3 |  4- 6 |  7- 9 || total
---------------------------+-------+-------+-------++-------
  Melee: Hand axe          |    65 |   136 |    33 ||   234
         Headbutt          |    11 |    25 |     5 ||    41
         Punch             |       |     1 |       ||     1
 Invoke: Berserk           |       |     2 |     1 ||     3
         Trog's Hand       |       |     1 |       ||     1
    Use: Potion            |       |     2 |       ||     2
         Scroll            |       |     4 |       ||     4
 Armour: Animal skin       |    42 |    30 |       ||    72
         Chain mail        |       |    18 |       ||    18
         Plate armour      |       |    48 |    44 ||    92
  Dodge: Dodged            |    45 |    62 |    18 ||   125
